[Event "10th Dolomiti Open 2019"]
[Site "Forni di Sopra"]
[Date "2019.06.21"]
[Round "8.10"]
[White "Motola, Jacopo"]
[Black "Castellanos Rodriguez, Renier"]
[Result "0-1"]
[ECO "A45"]
[WhiteElo "2229"]
[BlackElo "2511"]
[Annotator "ChessBase"]
[PlyCount "100"]
[EventDate "2019.06.15"]
[EventType "swiss"]
[EventCountry "ITA"]
[SourceTitle "playchess.com"]
[Source "ChessBase"]
[SourceQuality "1"]
[TimeControl "40/5400+30:1800+30"]

1. d4 Nf6 2. Bg5 c5 3. d5 d6 4. c4 h6 5. Bxf6 exf6 6. Nc3 g6 7. e3 Bg7 8. Bd3 Nd7 9. f4 f5 10. Qf3 O-O 11. Nge2 a6 12. O-O Nf6 13. Rab1 Bd7 14. Ng3 Ng4 15. Rfe1 Re8 16. Nf1 Qa5 17. h3 Nf6 18. a3 b5 19. Ng3 Rab8 20. e4 b4 21. axb4 cxb4 22. Nd1 fxe4 23. Bxe4 Qc5+ 24. Ne3 Re7 25. Bd3 Rbe8 26. Ngf1 a5 27. Kh1 a4 28. Nc2 Rxe1 29. Rxe1 b3 30. Rxe8+ Nxe8 31. Nce3 Qd4 32. Nd1 Nc7 33. f5 g5 34. Ng3 Qf4 35. Qxf4 gxf4 36. Ne2 Bxb2 37. Nxb2 a3 38. Nc1 axb2 39. Nxb3 Na6 40. Nd4 Nc5 41. Bb1 Kg7 42. Kg1 Kf6 43. Kf2 Na4 44. Kf3 Nc3 45. Bd3 Bc8 46. Kxf4 Ba6 47. Nb5 Bxb5 48. cxb5 Nxb5 49. g4 Nc3 50. h4 Nxd5+ 0-1

[Event "10th Dolomiti Open 2019"]
[Site "Forni di Sopra"]
[Date "2019.06.22"]
[Round "9.2"]
[White "Sarkar, Justin"]
[Black "Martinez Alcantara, Jose Eduardo"]
[Result "0-1"]
[ECO "E00"]
[WhiteElo "2359"]
[BlackElo "2583"]
[Annotator "ChessBase"]
[PlyCount "72"]
[EventDate "2019.06.15"]
[EventType "swiss"]
[EventCountry "ITA"]
[SourceTitle "playchess.com"]
[Source "ChessBase"]
[SourceQuality "1"]
[TimeControl "40/5400+30:1800+30"]

1. d4 Nf6 2. c4 e6 3. Bg5 Bb4+ 4. Nd2 h6 5. Bh4 O-O 6. a3 Be7 7. e3 b6 8. Be2 Bb7 9. Bf3 d5 10. cxd5 exd5 11. Rc1 Nbd7 12. Bg3 c5 13. Ne2 Ne4 14. dxc5 Ndxc5 15. Nb3 Ng5 16. Nbd4 Nxf3+ 17. Nxf3 Ba6 18. O-O Rc8 19. Nfd4 Qd7 20. f3 Bg5 21. Bf4 Bf6 22. b4 Bxd4 23. exd4 Nd3 24. Rxc8 Rxc8 25. Bg3 Qc6 26. Qd2 Qc2 27. Qxc2 Rxc2 28. b5 Bxb5 29. Rb1 Rxe2 30. Rxb5 Rb2 31. Rxb2 Nxb2 32. Bb8 a5 33. Bc7 Nc4 34. a4 Kf8 35. Kf2 Ke7 36. Ke2 Kd7 0-1

[Event "10th Dolomiti Open 2019"]
[Site "Forni di Sopra"]
[Date "2019.06.22"]
[Round "9.5"]
[White "Sonis, Francesco"]
[Black "Gueci, Tea"]
[Result "1-0"]
[ECO "D36"]
[WhiteElo "2494"]
[BlackElo "2257"]
[Annotator "ChessBase"]
[PlyCount "55"]
[EventDate "2019.06.15"]
[EventType "swiss"]
[EventCountry "ITA"]
[SourceTitle "playchess.com"]
[Source "ChessBase"]
[SourceQuality "1"]
[TimeControl "40/5400+30:1800+30"]

1. c4 e6 2. d4 Nf6 3. Nc3 d5 4. cxd5 exd5 5. Bg5 Be7 6. e3 c6 7. Bd3 Nbd7 8. Nf3 O-O 9. O-O Re8 10. h3 Ne4 11. Bf4 Ndf6 12. Qc2 Nd6 13. Ne5 g6 14. g4 Be6 15. Bh6 Nd7 16. f4 f5 17. Rf2 Nf6 18. gxf5 Bxf5 19. Bxf5 Nxf5 20. Qxf5 gxf5 21. Rg2+ Ng4 22. hxg4 Bg5 23. gxf5 Qc7 24. Bxg5 Kf8 25. Bh6+ Ke7 26. Rg7+ Kd6 27. Rxc7 Kxc7 28. f6 1-0

[Event "10th Dolomiti Open 2019"]
[Site "Forni di Sopra"]
[Date "2019.06.22"]
[Round "9.6"]
[White "Castellanos Rodriguez, Renier"]
[Black "Guerrero Sierra, Juan Carlos"]
[Result "1/2-1/2"]
[ECO "A11"]
[WhiteElo "2511"]
[BlackElo "2290"]
[Annotator "ChessBase"]
[PlyCount "85"]
[EventDate "2019.06.15"]
[EventType "swiss"]
[EventCountry "ITA"]
[SourceTitle "playchess.com"]
[Source "ChessBase"]
[SourceQuality "1"]
[TimeControl "40/5400+30:1800+30"]

1. Nf3 Nf6 2. g3 g6 3. b3 Bg7 4. Bb2 d5 5. c4 c6 6. Bg2 O-O 7. O-O a5 8. d3 Na6 9. Nbd2 a4 10. Bc3 axb3 11. axb3 Bg4 12. h3 Bxf3 13. Nxf3 Re8 14. Qc2 Nd7 15. d4 Qb6 16. e3 Nb4 17. Qd2 Ra5 18. Ra2 Rxa2 19. Ra1 Na6 20. Qxa2 Qc7 21. Qa5 Qxa5 22. Rxa5 e6 23. Bf1 Ndc5 24. Nd2 Ra8 25. b4 Nd7 26. c5 Bf6 27. Nb3 Bd8 28. Ra1 Nc7 29. Rxa8 Nxa8 30. b5 cxb5 31. Bxb5 Nb8 32. Na5 Bxa5 33. Bxa5 Nc6 34. Bxc6 bxc6 35. Kg2 Kf8 36. Kf3 Ke7 37. Kf4 f6 38. h4 Kd7 39. f3 Nc7 40. Bxc7 Kxc7 41. e4 h6 42. Ke3 Kd7 43. exd5 1/2-1/2

[Event "10th Dolomiti Open 2019"]
[Site "Forni di Sopra"]
[Date "2019.06.22"]
[Round "9.7"]
[White "Alok Sinha"]
[Black "Valsecchi, Alessio"]
[Result "0-1"]
[ECO "B57"]
[WhiteElo "2205"]
[BlackElo "2504"]
[Annotator "ChessBase"]
[PlyCount "78"]
[EventDate "2019.06.15"]
[EventType "swiss"]
[EventCountry "ITA"]
[SourceTitle "playchess.com"]
[Source "ChessBase"]
[SourceQuality "1"]
[TimeControl "40/5400+30:1800+30"]

1. e4 c5 2. Nf3 d6 3. d4 cxd4 4. Nxd4 Nf6 5. Nc3 Nc6 6. Bc4 e5 7. Nde2 Be6 8. Bb3 a6 9. Bg5 Be7 10. O-O O-O 11. Qd2 Nh5 12. Be3 Na5 13. Rfd1 Nxb3 14. axb3 Rc8 15. Rac1 h6 16. Nd5 Bxd5 17. Qxd5 Rc6 18. c4 Bg5 19. Qd3 Bxe3 20. Qxe3 Qc8 21. Nc3 Nf4 22. Nd5 Nxd5 23. Rxd5 b5 24. Qd3 Qb8 25. Rd1 bxc4 26. bxc4 Qxb2 27. Rxd6 Rfc8 28. h3 Rxc4 29. Rd8+ Rxd8 30. Qxd8+ Kh7 31. Qd7 Rc1 32. g3 Rxd1+ 33. Qxd1 Qa2 34. Kg2 g6 35. Qd6 a5 36. h4 h5 37. Qxe5 a4 38. g4 Qe6 39. Qc5 Qxg4+ 0-1

[Event "10th Dolomiti Open 2019"]
[Site "Forni di Sopra"]
[Date "2019.06.22"]
[Round "9.8"]
[White "Bellia, Fabrizio"]
[Black "Di Benedetto, Edoardo"]
[Result "0-1"]
[ECO "B92"]
[WhiteElo "2450"]
[BlackElo "2409"]
[Annotator "ChessBase"]
[PlyCount "122"]
[EventDate "2019.06.15"]
[EventType "swiss"]
[EventCountry "ITA"]
[SourceTitle "playchess.com"]
[Source "ChessBase"]
[SourceQuality "1"]
[TimeControl "40/5400+30:1800+30"]

1. e4 c5 2. Nf3 d6 3. d4 cxd4 4. Nxd4 Nf6 5. Nc3 a6 6. Be2 e5 7. Nb3 Be7 8. O-O O-O 9. Be3 Be6 10. Qd3 Nc6 11. a3 d5 12. exd5 Nxd5 13. Nxd5 Qxd5 14. Qxd5 Bxd5 15. Rad1 Bxb3 16. cxb3 Rfd8 17. Bb6 Nd4 18. Bc4 Rd7 19. Rfe1 Rc8 20. Kf1 Bc5 21. Ba5 b5 22. Bd3 g6 23. Bc3 f6 24. b4 Bb6 25. Bb1 Rcd8 26. Rd2 Kf8 27. Ba2 Nc6 28. Rxd7 Rxd7 29. h4 Ke7 30. g3 Bd4 31. Ke2 f5 32. Rd1 e4 33. Bg8 h6 34. f3 exf3+ 35. Kxf3 Kf6 36. Bb3 g5 37. hxg5+ hxg5 38. Ba2 Ne5+ 39. Ke2 Nc6 40. Kf3 Rd8 41. Bb3 Rd6 42. g4 Rd8 43. gxf5 Bxc3 44. Rxd8 Nxd8 45. bxc3 Kxf5 46. c4 Nc6 47. Ke3 Ke5 48. c5 a5 49. bxa5 Nxa5 50. Bd1 Nc4+ 51. Kf3 Nxa3 52. c6 Kd6 53. Kg4 Kxc6 54. Kxg5 Kd5 55. Kf4 Kd4 56. Bh5 b4 57. Bd1 Kc3 58. Ba4 Nc4 59. Kf3 Nb2 60. Be8 b3 61. Ke2 Nd3 0-1

[Event "10th Dolomiti Open 2019"]
[Site "Forni di Sopra"]
[Date "2019.06.22"]
[Round "9.9"]
[White "Anand Nadar"]
[Black "Haug, Johannes"]
[Result "0-1"]
[ECO "C07"]
[WhiteElo "2366"]
[BlackElo "2438"]
[Annotator "NA"]
[PlyCount "92"]
[EventDate "2019.06.15"]
[EventType "swiss"]
[EventCountry "ITA"]
[SourceTitle "playchess.com"]
[Source "ChessBase"]
[SourceQuality "1"]
[TimeControl "40/5400+30:1800+30"]

1. e4 e6 2. d4 d5 3. Nd2 c5 4. Ngf3 cxd4 5. Nxd4 Nf6 6. e5 Nfd7 7. N2f3 Nc6 8. Nxc6 bxc6 9. Bd3 Ba6 10. O-O Qb6 11. Be3 Bc5 12. Bxa6 Qxa6 13. Bxc5 Nxc5 14. Nd4 Rb8 15. b3 O-O 16. Re1 Qb6 17. a4 Ne4 18. f3 Nc5 19. Kh1 Nd7 20. Qd2 c5 21. Nb5 a6 22. Nc3 Rfc8 23. f4 c4 24. f5 Qb4 25. fxe6 fxe6 26. Ne4 cxb3 27. cxb3 Nc5 28. Qxb4 Rxb4 29. Nxc5 Rxc5 30. Rac1 Rxc1 31. Rxc1 Rxb3 32. Kg1 Re3 33. Rc6 Rxe5 34. Rxa6 Kf7 35. a5 Re2 36. Ra8 Ra2 37. a6 Kf6 38. a7 Ke5 39. Kf1 d4 40. h4 h6 41. g4 Ke4 42. g5 hxg5 43. hxg5 e5 44. g6 d3 45. Kg1 d2 46. Rd8 Ke3 0-1

[Event "10th Dolomiti Open 2019"]
[Site "Forni di Sopra"]
[Date "2019.06.22"]
[Round "9.10"]
[White "Favaloro, Andrea"]
[Black "Kumar, Nikhil"]
[Result "1/2-1/2"]
[ECO "E17"]
[WhiteElo "2337"]
[BlackElo "2257"]
[Annotator "NA"]
[PlyCount "47"]
[EventDate "2019.06.15"]
[EventType "swiss"]
[EventCountry "ITA"]
[SourceTitle "playchess.com"]
[Source "ChessBase"]
[SourceQuality "1"]
[TimeControl "40/5400+30:1800+30"]

1. Nf3 Nf6 2. g3 b6 3. Bg2 Bb7 4. O-O e6 5. c4 Be7 6. Nc3 O-O 7. Re1 d5 8. cxd5 exd5 9. d4 Nbd7 10. b3 Rc8 11. Bb2 c5 12. dxc5 Nxc5 13. Rc1 Nce4 14. Bh3 Rc7 15. Nb5 Rxc1 16. Qxc1 Bc5 17. Bd4 a6 18. Nc3 Qe7 19. Qe3 Bc8 20. Bxc5 bxc5 21. Nxe4 Qxe4 22. Qxe4 Nxe4 23. Bxc8 Rxc8 24. Rc1 1/2-1/2